 Dungeon Crawl Stone Soup version 0.25.1-2-g60ff931df9 (webtiles) character file.

Game seed: 5158567693788834189

39 Exodus22XD the Poker (level 3, 0/27 HPs)
             Began as a Demonspawn Gladiator on Nov 7, 2020.
             Slain by Natasha (7 damage)
             ... on level 2 of the Dungeon.
             The game lasted 00:00:56 (1177 turns).

Exodus22XD the Poker (Demonspawn Gladiator)         Turns: 1177, Time: 00:00:57

Health: 0/27       AC:  3    Str: 15    XL:     3   Next: 26%
Magic:  3/3        EV: 13    Int:  9    God:
Gold:   32         SH:  0    Dex: 14    Spells: 2/2 levels left

rFire    + . .     SeeInvis .   a - +0 trident
rCold    . . .     Gourm    .   (no shield)
rNeg     . . .     Faith    .   b - +0 leather armour
rPois    .         Spirit   .   (helmet restricted)
rElec    .         Reflect  .   (no cloak)
rCorr    .         Harm     .   (no gloves)
MR       .....                  (no boots)
Stlth    +.........             (no amulet)
HPRegen  0.09/turn              (no ring)
MPRegen  0.08/turn              (no ring)

@: slowed, very slow
A: antennae 1, fire resistance 1
a: no special abilities


You were on level 2 of the Dungeon.
You were not hungry.

You visited 1 branch of the dungeon, and saw 2 of its levels.

You collected 32 gold pieces.

Inventory:

Hand Weapons
 a - a +0 trident (weapon)
Missiles
 d - 3 throwing nets (quivered)
Armour
 b - a +0 leather armour (worn)
Scrolls
 c - a scroll of teleportation {unknown}
 e - a scroll of magic mapping {unknown}
 g - a scroll of identify {unknown}
Potions
 h - a potion of magic {unknown}
 i - a potion of stabbing {unknown}
Comestibles
 f - 3 rations
 j - 7 chunks of flesh


   Skills:
 + Level 2.1 Fighting
 + Level 3.4 Polearms
 - Level 1.7 Throwing
 + Level 3.2 Dodging
 + Level 0.1 Stealth


You had 2 spell levels left.
You didn't know any spells.
Your spell library was empty.

Dungeon Overview and Level Annotations

Branches:
Dungeon (2/15)

Altars:

Annotations:
D:2 Natasha


Innate Abilities, Weirdness & Mutations

You have a pair of small antennae on your head.
Your flesh is heat resistant. (rF+)


Message History

Natasha claws you.
The crimson imp blinks!
You hit Natasha.
Natasha is severely wounded.
Natasha claws you.
* * * LOW HITPOINT WARNING * * *
The crimson imp closely misses you.
You hit Natasha.
Natasha is almost dead.
Natasha stares at you and mumbles some strange words.
You feel yourself slow down. The crimson imp closely misses you.
Natasha closely misses you. The crimson imp barely misses you.
You hit the crimson imp.
The crimson imp is moderately wounded.
The crimson imp hits you but does no damage.
You puncture the crimson imp!
You kill the crimson imp!
Natasha growls.
Natasha claws you!
You die...

#...###.#########.#.##.#
...#...............##.#
#..#.#.##############.###
#..#.#.#..........).....#
###..#.#.#.################
.........#.# ####..####.#
#..........#########
#.###..##..##...@h.#
....#..##..##.####.#
#.##..#..##.# .#
#........##.# .#
#.........#.####.#
#.###............#
#.......#.#.######
#......<..#.# #.###.....#.#


You could see Natasha.

Vanquished Creatures
  A dart slug (D:1)
  3 bats
  4 giant cockroaches (D:1)
  3 hobgoblins
  4 jackals (D:2)
  A frilled lizard (D:1)
  6 goblins (D:1)
  7 kobolds (D:1)
  A rat (D:1)
30 creatures vanquished.

Notes
Turn   | Place    | Note
-------+----------+-------------------------------------------
     0 | D:1      | Exodus22XD the Demonspawn Gladiator began the quest for the
                  | Orb.
     0 | D:1      | Reached XP level 1. HP: 16/16 MP: 1/1
   316 | D:1      | Gained mutation: You have a pair of small antennae on your
                  | head. [demonic ancestry]
   316 | D:1      | Reached XP level 2. HP: 22/22 MP: 2/2
   580 | D:1      | Gained mutation: Your flesh is heat resistant. (rF+)
                  | [demonic ancestry]
   580 | D:1      | Reached XP level 3. HP: 27/27 MP: 3/3
  1165 | D:2      | Noticed Natasha
  1177 | D:2      | Slain by Natasha

Illustrated notes

Levels and vault maps discovered:
D:1:      minmay_arrival_hallway, layout_basic
D:2:      layout_basic, chequers_ecumenical_altar_island, uniq_natasha

Skill      XL: |  1  2 |
---------------+-------+-----
Dodging        | 3 |  3.2
Polearms       | 3 |  3.4
Fighting       | |  2.1
Throwing       | |  1.7
Stealth        | |  0.1

Action                   || total
-------------------------++-------
Melee: Trident           ||   102
 Stab: Sleeping          ||     2
  Eat: Chunk             ||     1
Armor: Leather armour    ||    17
Dodge: Dodged            ||    58
